 Dungeon Crawl Stone Soup version 0.30-a0-718-geaa24f58ff (webtiles) character file.

Game seed: 2599737305052231390

78 M4edhros the Insei (level 4, -3/29 HPs)
             Began as an Octopode Transmuter on Jan 25, 2023.
             Slain by a goblin
             ... wielding a +0 dagger
             ... led by Robin
              (4 damage)
             ... on level 3 of the Dungeon.
             The game lasted 00:01:16 (563 turns).

M4edhros the Insei (Octopode Transmuter)             Turns: 563, Time: 00:01:16

Health: -3/29      AC:  1    Str:  9    XL:     4   Next: 36%
Magic:  7/7        EV: 13    Int: 15    God:
Gold:   25         SH:  0    Dex: 14    Spells: 6/7 levels left

rFire   + . .      SeeInvis .      - Unarmed
rCold   + . .      Faith    .    (no shield)
rNeg    . . .      Spirit   .    (helmet restricted)
rPois   +          Reflect  .    (no amulet)
rElec   +          Harm     .    (no ring)
rCorr   +          Rampage  .    (no ring)
Will    .....                    (no ring)
Stlth   ++                       (no ring)
HPRegen 0.24/turn                (no ring)
MPRegen 0.10/turn                (no ring)
                                 (no ring)
                                 (no ring)

@: resistant
A: almost no armour, amphibious, 8 rings, camouflage 1, gelatinous body 1,
(nimble swimmer 1), tentacles
a: no special abilities


You were on level 3 of the Dungeon.
You visited 1 branch of the dungeon, and saw 3 of its levels.

You collected 25 gold pieces.

Inventory:

Potions
 d - a potion of resistance


   Skills:
 + Level 2.1 Fighting
 + Level 2.8 Dodging
 * Level 4.1 Unarmed Combat
 - Level 2.0 Spellcasting
 - Level 2.0 Transmutations


You had 6 spell levels left.
You knew the following spells:

 Your Spells              Type           Power      Damage    Failure   Level
a - Beastly Appendage     Tmut           14%        N/A       10%         1

Your spell library contained the following spells:

 Spells                   Type           Power      Damage    Failure   Level
 Wereblood                Tmut           7%         N/A       14%         2
 Spider Form              Tmut/Pois      4%         N/A       41%         3
 Ice Form                 Ice/Tmut       4%         N/A       82%         4


Dungeon Overview and Level Annotations

Branches:
Dungeon (3/15)

Altars:

Annotations:
D:3 1 transporter, Robin


Innate Abilities, Weirdness & Mutations

You cannot wear most types of armour.
You are amphibious.
You can wear up to eight rings at the same time.
Your skin changes colour to match your surroundings (Stealth+).
Your rubbery body absorbs attacks. (AC +1, EV +1)
((You are camouflaged when in or above water. (Stealth+)))
You have tentacles for arms and can constrict up to eight enemies at once.


Message History

You tentacle-slap the goblin. You grab the goblin.
The goblin is severely wounded.
You constrict the goblin.
You kill the goblin!
The goblin barely misses you. The goblin misses you.
The goblin attacks as you move away! The goblin hits you with a +0 club!
* * * LOW HITPOINT WARNING * * *
Things that are here:
a +0 dagger; a goblin corpse
Okay, then.
Robin throws the goblin at you!
* * * LOW HITPOINT WARNING * * *
It was a potion of cancellation.
You feel magically purged. The goblin attacks as you move away!
The goblin barely misses you. The goblin attacks as you move away!
The goblin hits you but does no damage.
You hear the rusting of a drain nearby.
It was a potion of magic.
Magic courses through your body. The goblin closely misses you.
It was a potion of resistance.
You feel protected. The goblin hits you with a +0 dagger.
* * * LOW HITPOINT WARNING * * *
Okay, then.
You tentacle-slap the goblin.
You kill the goblin!
You barely miss the goblin. You grab the goblin. You constrict the goblin.
The goblin completely misses you.
You tentacle-slap the goblin.
You kill the goblin!
You closely miss the goblin. Your grab misses the goblin.
Your tentacle-slap misses the goblin.
The goblin hits you with a +0 club.
* * * LOW HITPOINT WARNING * * *
You aren't carrying any scrolls.
You closely miss the goblin. Your grab misses the goblin.
You squeeze the goblin.
You kill the goblin!
You tentacle-slap the goblin. Your grab misses the goblin.
The goblin is almost dead.
The goblin hits you with a +0 dagger.
You die...

#..).................#
#.##################.####
###......... .....(......
#........... #######.####
######.########## #.#
...............### #.#
#.#####.#.......g# #.#
#.#...##.#g# #.#
#.#...##)#@# #.#
#.#...##g#.# #.#
..#...>gg#.# #.#
###......#.# #.....g#.#
#......#.# #....#.#.#
#...#....# #.#......


You could see 2 goblins.

Vanquished Creatures
  An orc wizard (D:3)
  2 adders (D:2)
  A dart slug (D:1)
  4 orcs (D:3)
  2 ball pythons
  2 bats (D:2)
  An endoplasm (D:1)
  2 hobgoblins
  3 kobolds
  A frilled lizard (D:1)
  6 goblins
  6 rats (D:1)
31 creatures vanquished.

Notes
Turn   | Place    | Note
-------+----------+-------------------------------------------
     0 | D:1      | M4edhros the Octopode Transmuter began the quest for the
                  | Orb.
     0 | D:1      | Reached XP level 1. HP: 13/13 MP: 3/3
   116 | D:1      | Reached XP level 2. HP: 11/18 MP: 5/5
   250 | D:2      | Reached XP level 3. HP: 23/23 MP: 6/6
   354 | D:3      | Found a transporter.
   447 | D:3      | Reached skill level 4 in Unarmed Combat
   447 | D:3      | Reached XP level 4. HP: 17/29 MP: 7/7
   543 | D:3      | Noticed Robin
   561 | D:3      | HP: 1/29 [goblin/+0 club[Robin] (3)]
   563 | D:3      | Slain by a goblin

Illustrated notes

Levels and vault maps discovered:
D:1:      dpeg_arrival_ratfight, layout_basic, item_on_display_a
D:2:      layout_basic
D:3:      layout_basic, cheibrodos_sewer_entry_sluice,
          gammafunk_ghost_mausoleum, uniq_robin, uniq_sigmund

Skill      XL: |  1  2  3 |
---------------+----------+-----
Fighting       | 2 |  2.1
Unarmed Combat | 4 |  4.1
Dodging        | |  2.8
Spellcasting   | |  2.0
Transmutations | |  2.0

Action                     |  1- 3 |  4- 6 || total
---------------------------+-------+-------++-------
  Melee: Unarmed           |    67 |    12 ||    79
         Constrict         |    15 |     3 ||    18
         Tentacles         |    14 |     2 ||    16
         Punch             |     3 |       ||     3
    Use: Scroll            |     2 |       ||     2
         Potion            |     1 |     3 ||     4
   Stab: Sleeping          |     2 |       ||     2
 Armour: Skin              |    16 |     2 ||    18
  Dodge: Dodged            |    48 |    12 ||    60

Table legend: (Time is in decaauts)
 A = Elapsed time spent in this place.
 B = Non-inter-level travel time spent in this place.
 C = Inter-level travel time spent in this place.
 D = Time resting spent in this place.
 E = Time spent auto-exploring this place.
 F = Levels seen in this place.
 G = Mean time per level.
                   A        B        C        D        E       F      G
               +--------+--------+--------+--------+--------+-----+--------+
         Total |    558 |    554 |      4 |      4 |    394 |   3 |  186.0 |
       Dungeon |    558 |    554 |      4 |      4 |    394 |   3 |  186.0 |
               +--------+--------+--------+--------+--------+-----+--------+

Top non-repeatable levels by time:
     D:3: 210 daAuts
     D:2: 184 daAuts
     D:1: 163 daAuts
